 Dungeon Crawl Stone Soup version 0.20-a0-494-gf50ee04 (webtiles) character file.

26743 M4edhros the Covert (level 13, 0/89 HPs)
             Began as an Octopode Artificer on Jan 17, 2017.
             Was an Initiate of Gozag.
             Succumbed to a killer bee's poison
             ... on level 5 of the Lair of Beasts.
             The game lasted 00:38:57 (16084 turns).

M4edhros the Covert (Octopode Artificer)           Turns: 16084, Time: 00:38:57

Health: 0/89       AC:  1    Str: 11 (12) XL:     13   Next: 27%
Magic:  21/21      EV: 20    Int: 14 (15) God:    Gozag
Gold:   1175       SH:  0    Dex: 18 (20) Spells: 16/21 levels left

rFire    . . .     SeeInvis .   L - +4 dagger (chaos)
rCold    . . .     Gourm    .   (no shield)
rNeg     . . .     Faith    .   (helmet restricted)
rPois    .         Spirit   .   M - amulet of regeneration
rElec    .         Reflect  .   l - ring of protection from magic
rCorr    .         Harm     .   a - +3 ring of dexterity
MR       +....     Rnd*Rage +   (no ring)
Stlth    +++++++...             (no ring)
Regen    0.7/turn               (no ring)
                                (no ring)
                                (no ring)
                                (no ring)

@: lethally poisoned (0 -> -1)
A: almost no armour, stealthy swim, amphibious, 8 rings, constrict 8, camouflage
1, berserk 1, clever 1, deterioration 1, high mp 1, gelatinous body 1
a: Potion Petition, Call Merchant, Bribe Branch, Renounce Religion


You were on level 5 of the Lair of Beasts.
You worshipped Gozag.
Gozag was most pleased with you.
You were not hungry.

You visited 2 branches of the dungeon, and saw 16 of its levels.
You also visited: Sewer and Ossuary.

You collected 4091 gold pieces.
You spent 180 gold pieces at shops.
You paid 2736 gold pieces to Gozag.

Inventory:

Hand Weapons
 q - a +6 hunting sling
 B - a +2 flail of protection
 H - a +1 short sword of venom
 L - a +4 dagger of chaos (weapon)
Missiles
 u - 67 sling bullets
 v - 299 stones (quivered)
Jewellery
 a - a +3 ring of dexterity (right tentacle)
 c - a +4 ring of dexterity
 l - a ring of protection from magic (left tentacle)
 w - a +4 amulet of reflection
 M - an amulet of regeneration (around mantle)
Wands
 f - a wand of confusion (2/48)
 o - a wand of random effects (16/48)
 A - a wand of polymorph (12/24)
 I - a wand of flame (11/48)
 O - a wand of iceblast (0/15)
 Q - a wand of random effects (20/48)
Scrolls
 b - a scroll of holy word
 i - a scroll of teleportation
 t - 3 scrolls of recharging
 F - a scroll of magic mapping
 K - 2 scrolls of enchant armour
 T - 2 scrolls of fog
Potions
 e - a potion of brilliance
 j - 4 potions of flight
 m - 4 potions of lignification {unknown}
 z - 2 potions of haste
 C - a potion of resistance {unknown}
 D - a potion of magic
 E - 2 potions of might
 V - 4 potions of cancellation
Books
 r - a book of Minor Magic

   Spells                             Type                      Level
   a - Magic Dart                     Conjuration                  1
   b - Blink                          Translocation                2
   c - Call Imp                       Summoning                    2
   d - Repel Missiles                 Charms/Air                   2
   e - Slow                           Hexes                        2
   f - Conjure Flame                  Conjuration/Fire             3
   g - Mephitic Cloud                 Conjuration/Poison/Air       3
 y - a book of Cantrips

   Spells                             Type                      Level
   a - Confusing Touch                Hexes                        1
   b - Animate Skeleton               Necromancy                   1
   c - Summon Small Mammal            Summoning                    1
   d - Apportation                    Translocation                1
 W - a book of Frost

   Spells                             Type                      Level
   a - Freeze                         Ice                          1
   b - Throw Frost                    Conjuration/Ice              2
   c - Ozocubu's Armour               Charms/Ice                   3
   d - Throw Icicle                   Conjuration/Ice              4
   e - Summon Ice Beast               Ice/Summoning                4
Comestibles
 k - a meat ration
 n - 2 fruits


   Skills:
 + Level 8.7 Fighting
 - Level 1.0 Short Blades
 * Level 12.0 Slings
 + Level 9.1 Dodging
 + Level 13.6 Stealth
 - Level 4.5 Spellcasting
 - Level 4.5 Conjurations
 - Level 4.8 Air Magic
 - Level 5.8 Poison Magic
 - Level 3.2 Evocations


You had 16 spell levels left.
You knew the following spells:

 Your Spells              Type           Power        Failure   Level  Hunger
a - Repel Missiles        Chrm/Air       #.....       12%         2    ##.....
b - Mephitic Cloud        Conj/Pois/Air  ###.....     10%         3    ###....


Dungeon Overview and Level Annotations

Branches:
Dungeon (11/15)            Temple (0/1) D:6            Lair (5/6) D:10
 Shoals (0/4) Lair:4        Snake (0/4) Lair:2          Orc (0/2) D:10
  Slime: Lair:5-6

Altars:
Ashenzari
Cheibriados
Dithmenos
Fedhas
Gozag
Kikubaaqudgha
Makhleb
Nemelex Xobeh
Okawaru
Qazlal
Trog
Vehumet
Xom
Zin
The Shining One
Beogh

Shops:
D:5 (   D:8 (   D:11 ([:**

Annotations:
D:4 Mulkerokala's ghost, amateur FeMo
D:5 Schizzik's ghost, novice VSMo


Innate Abilities, Weirdness & Mutations

You cannot wear most types of armour.
You are very stealthy in the water. (Stealth+)
You are amphibious.
You can wear up to eight rings at the same time.
You can use your tentacles to constrict eight enemies at once.
Your skin changes colour to match your surroundings (Stealth+).
Your rubbery body absorbs attacks. (AC +1, EV +1)
You tend to lose your temper in combat.
Your mind is acute. (Int +2)
Your body sometimes deteriorates upon taking damage.
You have an increased reservoir of magic. (+10% MP)


Message History

Aiming: Confuse
Press: ? - help, Shift-Dir - straight line, f - meliai
Aim: a meliai, wielding a war axe and wearing a robe (chance to defeat MR: 55%)
Your attack snaps the meliai out of its fear.
The meliai resists with significant effort.
This wand has 3 charges left.
You feel sick. The meliai barely misses you. The meliai stings you!
* * * LOW HITPOINT WARNING * * *
The killer bee stings you!
* * * LOW HITPOINT WARNING * * *
The meliai completely misses you. x2; The killer bee misses you.
Unknown command.
Evoke which item? (* to show all) (? for menu, Esc to quit)
Aiming: Confuse
Press: ? - help, Shift-Dir - straight line, f/p - meliai
Aim: a meliai, wielding a war axe and wearing a robe (chance to defeat MR: 55%)
The meliai resists with significant effort.
This wand has 2 charges left.
You die...
Your body crumbles into a pile of gold.

####
#@.#
#yy.#
##.....
#...!.#
P.?...
......
.....
.....


You could see a meliai and a killer bee.

Vanquished Creatures
  2 hydras
  2 two-headed ogres
  Urug (Lair:3)
  A death yak (Lair:3)
  Pikel (D:6)
  An orc knight (D:10)
  2 cyclopes (D:11)
  An elephant (Lair:2)
  Joseph (D:7)
  2 merfolk sirens (Lair:4)
  2 black mambas
  Psyche (D:8)
  3 spiny frogs (Lair:1)
  3 komodo dragons
  A redback zombie (D:10)
  2 rime drakes
  2 trolls (D:10)
  2 merfolk (Lair:4)
  A hornet (D:11)
  5 hippogriffs
  3 blink frogs (Lair:1)
  Sigmund (D:3)
  2 wyverns
  27 yaks
  2 basilisks
  A hog (D:11)
  3 hungry ghosts
  Menkaure (D:5)
  15 water moccasins
  Purgy (Sewer)
  10 porcupines
  Duvessa (D:5)
  4 sky beasts
  2 black bears
  3 ice beasts
  3 orc warriors (D:10)
  A necrophage (D:9)
  5 ogres
  2 centaurs
  3 wolves (Lair:3)
  2 crocodiles (Lair:1)
  An elf zombie (Ossuary)
  2 big kobolds
  14 bullfrogs
  2 wyvern skeletons
  Dowan (D:5)
  5 scorpions
  3 howler monkeys
  5 wights (D:8)
  2 jellies
  9 crimson imps
  2 centaur zombies
  9 hounds
  Crazy Yiuf (D:3)
  8 orc priests
  16 orc wizards
  A bullfrog skeleton (D:8)
  3 iguanas
  A worker ant (D:11)
  3 big kobold zombies (Ossuary)
  2 hound zombies
  The ghost of M4edhros the Sneak, a weakling OpAr (D:3)
  A hound skeleton (D:9)
  2 mummies (Ossuary)
  2 worker ant zombies
  18 adders
  2 shadow imps
  4 worms
  2 dart slugs (D:1)
  3 leopard geckos
  73 orcs
  9 ball pythons
  10 bats
  9 giant cockroaches
  2 gnoll zombies (Ossuary)
  4 hobgoblins
  8 jackals
  12 kobolds
  2 quokkas
  12 frilled lizards
  6 goblins
  2 goblin zombies (Ossuary)
  2 leopard gecko zombies
  6 orc zombies (Ossuary)
  A quokka skeleton (D:4)
  12 rats
  A fungus (D:10)
424 creatures vanquished.

Vanquished Creatures (collateral kills)
  A black bear (D:6)
  An adder (D:4)
  An ooze (D:6)
  A worm (D:4)
  2 orcs (D:5)
  A giant cockroach (D:5)
7 creatures vanquished.

Vanquished Creatures (others)
  A slave (D:6)
  A centaur (D:5)
  Blork the orc (D:4)
  An iguana (D:6)
  2 orc wizards (D:5)
  An ooze (D:6)
  An orc (D:5)
  A giant cockroach (D:6)
  A bush (Lair:3)
  29 fungi
  9 plants
48 creatures vanquished.

Grand Total: 479 creatures vanquished

Notes
Turn   | Place    | Note
-------+----------+-------------------------------------------
     0 | D:1      | M4edhros the Octopode Artificer began the quest for the Orb.
     0 | D:1      | Reached XP level 1. HP: 13/13 MP: 3/3
    95 | D:1      | Reached skill level 2 in Stealth
   253 | D:1      | Reached XP level 2. HP: 12/18 MP: 4/4
   320 | D:2      | Reached skill level 3 in Stealth
   534 | D:3      | Noticed Sigmund
   540 | D:3      | Killed Sigmund
   540 | D:3      | Reached skill level 7 in Stealth
   540 | D:3      | Reached XP level 3. HP: 14/23 MP: 5/5
   540 | D:3      | Reached XP level 4. HP: 17/28 MP: 6/6
   540 | D:3      | Reached XP level 5. HP: 20/33 MP: 7/7
   833 | D:3      | Learned a level 2 spell: Repel Missiles
   868 | D:3      | Found a runed door.
  1028 | D:4      | Noticed Blork the orc
  1036 | D:4      | Noticed Mulkerokala's ghost (amateur FeMo)
  1051 | D:4      | Your ally died
  1095 | D:4      | HP: 1/33 [Mulkerokala's ghost (6)]
  1103 | D:4      | Reached skill level 1 in Slings
  1442 | D:4      | Reached XP level 6. HP: 36/38 MP: 8/8
  1455 | D:4      | Found an ancient bone altar of Kikubaaqudgha.
  1467 | D:4      | Found an opulent altar of Gozag.
  1469 | D:4      | Found a glowing golden altar of the Shining One.
  1477 | D:4      | Became a worshipper of Gozag Ym Sagoz the Greedy
  2286 | D:2      | Found a glowing silver altar of Zin.
  2756 | D:2      | Found a blossoming altar of Fedhas.
  3562 | D:3      | Found a blossoming altar of Fedhas.
  3653 | D:3      | Noticed M4edhros's ghost (weakling OpAr)
  3658 | D:3      | Killed M4edhros's ghost
  3985 | D:3      | Noticed Crazy Yiuf
  3989 | D:3      | Killed Crazy Yiuf
  3989 | D:3      | Reached XP level 7. HP: 43/45 MP: 9/9
  4220 | D:5      | Entered Level 5 of the Dungeon
  4256 | D:5      | Reached skill level 8 in Stealth
  4300 | D:5      | Found a bloodstained altar of Trog.
  4313 | D:5      | Noticed Duvessa
  4435 | D:5      | Found a sand-covered staircase.
  4450 | Ossuary  | Entered an ossuary
  4790 | D:5      | Noticed Schizzik's ghost (novice VSMo)
  4814 | D:5      | Noticed Menkaure
  4862 | D:5      | Killed Menkaure
  4897 | D:5      | Found a glowing drain.
  4916 | Sewer    | Entered a sewer
  4942 | Sewer    | Noticed Purgy
  4971 | Sewer    | Killed Purgy
  4971 | Sewer    | Reached XP level 8. HP: 36/52 MP: 10/10
  5206 | Sewer    | Learned a level 3 spell: Mephitic Cloud
  5230 | D:5      | Found an iron altar of Okawaru.
  5603 | D:5      | Noticed Dowan
  5610 | D:5      | Killed Duvessa
  5610 | D:5      | Reached skill level 5 in Slings
  5611 | D:5      | Killed Dowan
  5611 | D:5      | Reached skill level 9 in Stealth
  5725 | D:6      | Noticed Pikel
  5776 | D:6      | Killed Pikel
  5844 | D:6      | Reached XP level 9. HP: 31/59 MP: 11/11
  6091 | D:6      | Found a staircase to the Ecumenical Temple.
  6119 | D:6      | Reached skill level 5 in Dodging
  6173 | D:6      | Found a shimmering altar of Xom.
  6173 | D:6      | Found a burning altar of Makhleb.
  6314 | D:7      | Noticed Joseph
  6509 | D:7      | Reached skill level 10 in Stealth
  6676 | D:7      | Found a radiant altar of Vehumet.
  6699 | D:7      | Killed Joseph
  6699 | D:7      | Reached skill level 5 in Fighting
  7280 | D:7      | Found a shattered altar of Ashenzari.
  7320 | D:7      | Found a sparkling altar of Nemelex Xobeh.
  7391 | D:7      | Found a stormy altar of Qazlal.
  7634 | D:8      | Noticed Psyche
  7648 | D:8      | Killed Psyche
  7648 | D:8      | Reached skill level 11 in Stealth
  7648 | D:8      | Reached XP level 10. HP: 41/68 MP: 12/12
  8079 | D:8      | You fall through a shaft for 3 floors!
  8079 | D:11     | Noticed a two-headed ogre
  8091 | D:11     | Killed a two-headed ogre
  8091 | D:11     | Reached skill level 1 in Conjurations
  8091 | D:11     | Reached skill level 1 in Air Magic
  8091 | D:11     | Reached skill level 1 in Poison Magic
  8152 | D:11     | Noticed a cyclops
  8163 | D:11     | Reached skill level 1 in Spellcasting
  8169 | D:11     | Killed a cyclops
  8237 | D:10     | Entered Level 10 of the Dungeon
  8346 | D:10     | Found a staircase to the Lair.
  8511 | D:10     | Found an opulent altar of Gozag.
  8734 | D:9      | Found a shadowy altar of Dithmenos.
  9013 | D:8      | Reached XP level 11. HP: 66/74 MP: 14/14
  9469 | D:8      | Found a snail-covered altar of Cheibriados.
 10293 | D:9      | Noticed a two-headed ogre
 10305 | D:9      | Killed a two-headed ogre
 11245 | D:10     | Reached skill level 12 in Stealth
 11339 | D:10     | Reached skill level 10 in Slings
 11368 | D:10     | Noticed an orc knight
 11398 | D:10     | Killed an orc knight
 11422 | D:10     | Found a roughly hewn altar of Beogh.
 11443 | D:10     | Found a staircase to the Orcish Mines.
 12110 | D:11     | Noticed a death knight
 12326 | D:11     | Found Zituotuc's Assorted Antiques.
 12327 | D:11     | Found Istre's General Store.
 12327 | D:11     | Found Faomuof's Antique Armour Boutique.
 12327 | D:11     | Found Ziwokaf's Book Boutique.
 12353 | D:10     | Reached XP level 12. HP: 58/81 MP: 17/17
 12440 | D:11     | Reached skill level 5 in Poison Magic
 12553 | D:11     | Bought a glowing hunting sling for 180 gold pieces
 12855 | Lair:1   | Entered Level 1 of the Lair of Beasts
 13447 | Lair:1   | Noticed an eight-headed hydra
 13462 | Lair:1   | Killed an eight-headed hydra
 14068 | Lair:2   | Noticed a seven-headed hydra
 14113 | Lair:2   | Found a staircase to the Snake Pit.
 14208 | Lair:2   | Reached skill level 13 in Stealth
 14228 | Lair:2   | Killed a seven-headed hydra
 15098 | Lair:3   | Noticed Urug
 15104 | Lair:3   | Reached XP level 13. HP: 59/88 MP: 19/19
 15128 | Lair:3   | Killed Urug
 15460 | Lair:2   | Gained mutation: Your mind is acute. (Int +2) [potion of mutation]
 15460 | Lair:2   | Gained mutation: You are clumsy. (Dex -2) [potion of mutation]
 15460 | Lair:2   | Gained mutation: You have an increased reservoir of magic. (+10% MP) [potion of mutation]
 15461 | Lair:2   | Gained mutation: You tend to lose your temper in combat. [potion of mutation]
 15461 | Lair:2   | Gained mutation: Your body sometimes deteriorates upon taking damage. [potion of mutation]
 15461 | Lair:2   | Lost mutation: You are clumsy. (Dex -2) [potion of mutation]
 15773 | Lair:4   | Found a staircase to the Shoals.
 16083 | Lair:5   | HP: 1/89 [killer bee (8)]
 16084 | Lair:5   | Succumbed to a killer bee's poison

Vault maps used:
D:1:      co_arrival_square_in_a_square_in_a_square, serial_forest,
          infiniplex_forest_clump_small, infiniplex_forest_clump_C,
          infiniplex_forest_end_1, infiniplex_forest_straight_1,
          infiniplex_forest_clump_tiny, infiniplex_forest_clump_curved,
          infiniplex_forest_lined_3
D:2:      lemuel_round_altar, fedhas_altar_2
D:3:      nicolae_overflow_hidden_temple, uniq_crazy_yiuf_cottage, uniq_sigmund
D:4:      gammafunk_temple_overflow_forgotten, uniq_blork_the_orc
D:5:      nicolae_overflow_crystal_walls, okawaru_ov_weapons_minmay,
          enter_ossuary_1, first_bread, portal_sewer_entry_c, minmay_bent,
          uniq_menkaure, uniq_duvessa
D:6:      grunt_temple_overflow_champion_of_chaos, uniq_pikel
D:7:      lemuel_round_altar, kennysheep_mini, lemuel_doored_altar,
          kennysheep_little_box, uniq_joseph
D:8:      cheibrodos_worm_habitat, uniq_psyche
D:9:      marbit_many_paths
D:10:     due_lair_maze_entry_diamond, david_orc_5, grunt_gozag_breadcrumbs
D:11:     minmay_misc_feat_diagonals, minmay_variable_closet, grunt_livestock,
          minmay_shop_grid_forest
Lair:2:   minmay_snake_entry_six_corridors, serial_bayou_shore_b
Lair:3:   grunt_megastairs_5, uniq_urug
Lair:4:   elwin_shoals_entry_stream, special_room, infiniplex_staircase_pool_2
Lair:5:   slime_altar_2, enter_volcano_3, grunt_megastairs_1,
          minmay_lair_oklob_chamber
Sewer:    sewer_co_purgy_island
Ossuary:  minmay_ossuary_gauntlet

Skill      XL: |  1  2  3  4  5  6  7  8  9 10 11 12 13 |
---------------+----------------------------------------+-----
Stealth        | 2 7 8 9 11 12 13 | 13.6
Slings         | 1 2 4 6 8 9 10 11 12 | 12.0
Fighting       | 2 3 4 5 6 7 8 |  8.7
Dodging        | 3 4 5 6 7 8 9 |  9.1
Conjurations   | 2 3 4 |  4.5
Air Magic      | 2 3 4 |  4.8
Poison Magic   | 2 4 5 |  5.8
Spellcasting   | 2 3 4 |  4.5
Short Blades   | |  1.0
Evocations     | |  3.2

Action                   |  1- 3 |  4- 6 |  7- 9 | 10-12 | 13-15 || total
-------------------------+-------+-------+-------+-------+-------++-------
Melee: Short sword       |    34 |       |    52 |       |       ||    86
       Constrict         |     8 |     3 |    28 |    23 |     6 ||    68
       Tentacles         |     4 |     1 |    27 |    35 |    22 ||    89
       Scythe            |       |    21 |       |       |       ||    21
       Flail             |       |       |    60 |    33 |       ||    93
       Dagger            |       |       |     8 |    70 |    57 ||   135
       Hunting sling     |       |       |       |     1 |       ||     1
 Fire: Hunting sling     |       |   174 |   234 |  1160 |    96 ||  1664
 Cast: Repel Missiles    |       |     1 |     1 |     1 |       ||     3
       Mephitic Cloud    |       |       |       |    13 |       ||    13
Invok: Call Merchant     |       |       |     2 |     1 |       ||     3
Evoke: Wand              |       |    16 |    34 |    31 |    15 ||    96
  Use: Scroll            |       |    11 |    12 |     8 |     5 ||    36
       Potion            |       |       |     4 |     6 |     7 ||    17
 Stab: Sleeping          |     3 |     5 |     6 |     9 |     2 ||    25
       Distracted        |       |       |     2 |     1 |       ||     3
       Confused          |       |       |       |     2 |     4 ||     6
  Eat: Chunk             |       |     2 |       |       |       ||     2
       Bread ration      |       |     1 |     3 |     4 |       ||     8
       Royal jelly       |       |     1 |       |       |       ||     1
       Pizza             |       |       |       |     2 |       ||     2
       Beef jerky        |       |       |       |     2 |       ||     2
       Meat ration       |       |       |       |     1 |     1 ||     2
Armor: Skin              |     5 |     2 |    25 |    16 |     2 ||    50
Dodge: Dodged            |    22 |    68 |   123 |   372 |    70 ||   655
       Deflected         |       |     1 |     1 |     7 |       ||     9
Block: Other             |       |       |    18 |       |       ||    18
       Reflection        |       |       |     3 |       |       ||     3
